 Dungeon Crawl Stone Soup version 0.25.1-2-g60ff931df9 (webtiles) character file.

Game seed: 13544568774470148259

23166 Almogavar the Basher (level 13, -3/80 HPs)
             Began as a Gargoyle Fighter on Sept 4, 2020.
             Was an Elder of Makhleb.
             Slain by a death yak (10 damage)
             ... on level 2 of the Lair of Beasts.
             The game lasted 00:53:56 (12722 turns).

Almogavar the Basher (Gargoyle Fighter)            Turns: 12722, Time: 00:53:57

Health: -3/80      AC: 23    Str: 29    XL:     13   Next: 5%
Magic:  13/13      EV: 14    Int: 15    God:    Makhleb [****..]
Gold:   850        SH: 13    Dex: 11    Spells: 12/12 levels left

rFire    . . .     SeeInvis .   A - +0 mace (curse)
rCold    . . .     Gourm    .   c - +0 kite shield
rNeg     + . .     Faith    .   D - +2 acid dragon scales
rPois    ∞         Spirit   .   s - +2 helmet
rElec    +         Reflect  .   n - scarf {repulsion}
rCorr    +         Harm     .   x - +0 pair of gloves
MR       .....                  (no boots)
Stlth    +.........             o - amulet of regeneration
HPRegen  0.63/turn              t - +6 ring of strength
MPRegen  0.13/turn              d - +6 ring of intelligence

@: studying Summonings, repel missiles
A: negative energy resistance 1, electricity resistance, unbreathing,
petrification resistance, rot immunity, AC +9
a: Minor Destruction, Lesser Servant of Makhleb, Major Destruction, Renounce
Religion


You were on level 2 of the Lair of Beasts.
You worshipped Makhleb.
Makhleb was greatly pleased with you.
You were hungry.

You visited 3 branches of the dungeon, and saw 13 of its levels.

You collected 850 gold pieces.

Inventory:

Hand Weapons
 A - a cursed +0 mace (weapon)
Missiles
 g - 135 bolts
Armour
 c - a +0 kite shield (worn)
 n - a scarf of repulsion (worn)
 s - a +2 helmet (worn)
 x - a +0 pair of gloves (worn)
 D - +2 acid dragon scales (worn)
Jewellery
 d - a +6 ring of intelligence (right hand)
 m - an uncursed amulet of guardian spirit
 o - an amulet of regeneration (around neck)
 t - a +6 ring of strength (left hand)
 F - an uncursed ring of fire
 G - an uncursed ring of resist corrosion
Wands
 N - a wand of flame (16)
Scrolls
 b - 2 scrolls of brand weapon
 e - 3 scrolls of fear
 h - a scroll of silence {unknown}
 j - a scroll of summoning
 k - 8 scrolls of remove curse
 p - 5 scrolls of teleportation
 B - a scroll of fog
 H - a scroll of enchant armour {unknown}
 J - 2 scrolls of enchant weapon
 M - a scroll of magic mapping
 O - a scroll of immolation {unknown}
Potions
 a - a potion of degeneration {unknown}
 i - a potion of cancellation
 l - 5 potions of lignification {unknown}
 q - 3 potions of haste
 r - 3 potions of curing
 u - 2 potions of flight
 v - a potion of resistance
 z - 2 potions of stabbing {unknown}
 C - a potion of ambrosia {unknown}
 E - a potion of heal wounds {unknown}
 K - a potion of invisibility {unknown}
Books
 y - a manual of Summonings
Miscellaneous
 I - a phantom mirror
 L - a lightning rod (4/4)
Comestibles
 f - 15 rations


   Skills:
 + Level 9.5 Fighting
 + Level 13.3 Maces & Flails
 - Level 6.1 Armour
 + Level 7.3 Dodging
 + Level 2.1 Stealth
 + Level 12.0 Shields
 + Level 1.0 Evocations


You had 12 spell levels left.
You didn't know any spells.
Your spell library contained the following spells:

 Spells                   Type           Power        Failure   Level  Hunger
 Corona                   Hex            #......      43%         1    ##.....
 Slow                     Hex            #.......     56%         2    ###....
 Inner Flame              Hex/Fire       #.......     80%         3    ####...
 Portal Projectile        Hex/Tloc       #.....       80%         3    ####...
 Cause Fear               Hex            #.........   99%         4    #####..
 Leda's Liquefaction      Hex/Erth       #.........   99%         4    #####..


Dungeon Overview and Level Annotations

Branches:
Dungeon (9/15)             Temple (1/1) D:6            Lair (3/6) D:9
  Snake (0/4) Lair:2          Orc (0/2) D:9
  Swamp: Lair:2-4    Shoals: Lair:2-4

Altars:
Ashenzari
Cheibriados
Dithmenos
Elyvilon
Fedhas
Gozag
Hepliaklqana
Kikubaaqudgha
Makhleb
Nemelex Xobeh
Okawaru
Qazlal
Ru
Sif Muna
Trog
Uskayaw
Vehumet
Wu Jian
Xom
Yredelemnul
Zin
Lugonu

Shops:
D:9 [}

Annotations:
D:9 3 runed translucent doors


Innate Abilities, Weirdness & Mutations

You are resistant to torment.
Your stone body is resilient. (AC +9)
You are immune to poison.
You resist negative energy. (rN+)
You are resistant to electric shocks. (rElec)
You can survive without breathing.
You are immune to petrification.
You are immune to rotting.


Message History

The death yak is severely wounded.
You block the death yak's attack. The death yak closely misses you.
You hit the death yak.
The death yak is severely wounded.
The death yak gores you!
* * * LOW HITPOINT WARNING * * *
The death yak completely misses you.
You hit the death yak.
The death yak is severely wounded.
The death yak gores you but does no damage.
The death yak gores you.
* * * LOW HITPOINT WARNING * * *
You hit the death yak but do no damage.
The death yak is severely wounded.
You hit the death yak but do no damage.
The death yak is severely wounded.
The death yak gores you!
* * * LOW HITPOINT WARNING * * *
The death yak gores you!
You die...

..................##....#..#
.........................###
........................##
.........................#
.........................#
..................#.....##
........................#
................†.#.....#
..........(.....@Y##P####
................Y.####
......#..P#..#.#..#
....##...#######..#
.....#P..#######.P#
.....#P..P.......##
.................#
.................#
##.P..############


You could see 2 death yaks.

Vanquished Creatures
  Harold (D:7)
  4 hydras (Lair:1)
  2 two-headed ogres (D:8)
  A death yak (Lair:2)
  2 oklob plants (Lair:1)
  3 elephants (Lair:2)
  Joseph (D:8)
  2 spiny frogs
  5 torpor snails (Lair:2)
  Maggie (D:6)
  3 komodo dragons
  A troll (D:5)
  5 blink frogs (Lair:2)
  A hippogriff (Lair:1)
  7 spriggans (D:8)
  24 yaks
  2 basilisks
  2 nagas (Lair:2)
  6 water moccasins
  Duvessa (D:7)
  5 porcupines
  4 orc warriors
  A black bear (D:7)
  2 sky beasts
  4 ice beasts
  2 phantoms
  7 ogres
  A centaur (D:9)
  7 crocodiles
  A big kobold (D:9)
  6 bullfrogs
  A water moccasin zombie (D:6)
  2 wyvern zombies (D:6)
  A wyvern skeleton (D:8)
  Dowan (D:7)
  A scorpion (D:7)
  2 electric eels (Lair:2)
  2 howler monkeys
  9 crimson imps
  4 hounds
  A quasit (D:6)
  A bullfrog zombie (D:5)
  An orc priest (D:7)
  2 centaur skeletons
  7 jellies
  2 bullfrog skeletons
  6 iguanas
  6 orc wizards
  6 worker ants
  A killer bee zombie (D:7)
  A hound zombie (D:7)
  A howler monkey zombie (D:5)
  A worker ant zombie (D:5)
  8 gnolls
  9 river rats (D:5)
  10 adders
  2 shadow imps
  14 oozes
  An adder skeleton (D:4)
  A worm (D:4)
  3 dart slugs
  10 leopard geckos
  16 orcs
  3 ball pythons
  8 bats
  3 giant cockroaches
  7 goblins
  8 hobgoblins
  9 jackals
  13 kobolds
  11 quokkas
  7 frilled lizards
  A jackal skeleton (D:5)
  21 rats
  2 plants
340 creatures vanquished.

Vanquished Creatures (others)
  5 bushes (D:9)
  10 fungi
  16 plants
31 creatures vanquished.

Grand Total: 371 creatures vanquished

Notes
Turn   | Place    | Note
-------+----------+-------------------------------------------
     0 | D:1      | Almogavar the Gargoyle Fighter began the quest for the Orb.
     0 | D:1      | Reached XP level 1. HP: 14/14 MP: 1/1
   126 | D:1      | Reached XP level 2. HP: 19/19 MP: 2/2
   738 | D:2      | Reached XP level 3. HP: 23/23 MP: 3/3
   785 | D:2      | Found a blossoming altar of Fedhas.
   887 | D:2      | Found a bloodstained altar of Trog.
  1155 | D:2      | Found a white marble altar of Elyvilon.
  1405 | D:3      | Reached XP level 4. HP: 26/28 MP: 4/4
  1421 | D:3      | Found a stormy altar of Qazlal.
  2050 | D:3      | Reached skill level 3 in Maces & Flails
  2054 | D:3      | Reached XP level 5. HP: 21/33 MP: 5/5
  2442 | D:4      | Noticed an angel
  2443 | D:4      | Found a shimmering altar of Xom.
  2444 | D:4      | Found a glowing silver altar of Zin.
  2689 | D:4      | Found a shadowy altar of Dithmenos.
  2823 | D:4      | Found a shattered altar of Ashenzari.
  2881 | D:4      | Reached skill level 5 in Shields
  2881 | D:4      | Reached XP level 6. HP: 37/38 MP: 6/6
  2913 | D:4      | Noticed a phantom
  2941 | D:4      | Killed a phantom
  3147 | D:4      | Found a radiant altar of Vehumet.
  3239 | D:5      | Entered Level 5 of the Dungeon
  3282 | D:5      | Noticed an ice beast
  3282 | D:5      | Noticed a troll
  3297 | D:5      | Reached skill level 4 in Maces & Flails
  3297 | D:5      | Reached skill level 1 in Dodging
  3306 | D:5      | Killed an ice beast
  3306 | D:5      | Reached XP level 7. HP: 43/43 MP: 7/7
  3313 | D:5      | Killed a troll
  3319 | D:5      | Reached skill level 5 in Maces & Flails
  3352 | D:5      | Reached skill level 5 in Armour
  3471 | D:5      | Reached XP level 8. HP: 48/48 MP: 8/8
  3725 | D:5      | Reached skill level 6 in Maces & Flails
  4061 | D:5      | Found a sacrificial altar of Ru.
  4303 | D:6      | Found a staircase to the Ecumenical Temple.
  4311 | Temple   | Entered the Ecumenical Temple
  4327 | Temple   | Became a worshipper of Makhleb the Destroyer
  4356 | D:6      | Found a shimmering altar of Xom.
  4517 | D:6      | Reached skill level 7 in Maces & Flails
  4740 | D:6      | Reached skill level 5 in Fighting
  4909 | D:6      | Reached XP level 9. HP: 54/54 MP: 9/9
  5001 | D:6      | Reached skill level 8 in Maces & Flails
  5273 | D:6      | Noticed Maggie
  5296 | D:6      | Killed Maggie
  5460 | D:6      | Reached * piety under Makhleb
  5626 | D:7      | Noticed Harold
  5748 | D:6      | Reached skill level 9 in Maces & Flails
  5795 | D:7      | Found a hazy altar of Hepliaklqana.
  6129 | D:7      | Killed Harold
  6129 | D:7      | Reached XP level 10. HP: 37/60 MP: 10/10
  6130 | D:7      | Noticed Duvessa
  6288 | D:7      | Noticed Dowan
  6300 | D:6      | Reached skill level 1 in Stealth
  6425 | D:7      | Killed Dowan
  6457 | D:7      | Reached skill level 10 in Maces & Flails
  6488 | D:7      | Killed Duvessa
  6634 | D:7      | Found an ornate altar of the Wu Jian Council.
  6770 | D:7      | Reached ** piety under Makhleb
  6849 | D:7      | Found an ancient bone altar of Kikubaaqudgha.
  6892 | D:8      | Noticed Joseph
  7284 | D:8      | Noticed a two-headed ogre
  7293 | D:8      | Killed a two-headed ogre
  7381 | D:8      | Killed Joseph
  7528 | D:8      | Reached XP level 11. HP: 66/66 MP: 11/11
  7749 | D:8      | Noticed a two-headed ogre
  7785 | D:8      | Reached skill level 11 in Maces & Flails
  7848 | D:8      | Killed a two-headed ogre
  7848 | D:8      | Reached skill level 5 in Dodging
  8649 | D:9      | Found a staircase to the Lair.
  8728 | D:9      | Found a staircase to the Orcish Mines.
  9009 | D:8      | Reached skill level 10 in Shields
  9131 | D:9      | Reached *** piety under Makhleb
  9399 | D:9      | Found a runed translucent gate.
  9400 | D:9      | Found a runed translucent gate.
  9400 | D:9      | Found a runed translucent gate.
  9401 | D:9      | Noticed a white ugly thing
  9401 | D:9      | Noticed a purple ugly thing
  9401 | D:9      | Noticed a green ugly thing
  9402 | D:9      | Noticed a cyan ugly thing
  9402 | D:9      | Noticed a brown ugly thing
  9402 | D:9      | Noticed a white very ugly thing
  9441 | D:9      | Found Ujuoz's Gadget Shop.
  9445 | D:9      | Found Usoesch's Armour Shoppe.
  9461 | D:9      | Found a hide-covered altar of Uskayaw.
  9624 | Lair:1   | Entered Level 1 of the Lair of Beasts
  9718 | Lair:1   | Noticed a five-headed hydra
  9733 | Lair:1   | Killed a five-headed hydra
  9894 | Lair:1   | Reached skill level 12 in Maces & Flails
  9920 | Lair:1   | Noticed a five-headed hydra
  9949 | Lair:1   | Killed a five-headed hydra
  9949 | Lair:1   | Reached skill level 1 in Evocations
  9958 | Lair:1   | Reached XP level 12. HP: 34/74 MP: 12/12
 10223 | Lair:1   | Noticed a four-headed hydra
 10239 | Lair:1   | Killed a four-headed hydra
 10431 | Lair:1   | Noticed a six-headed hydra
 10444 | Lair:1   | Killed a six-headed hydra
 10855 | Lair:1   | Reached **** piety under Makhleb
 11896 | Lair:2   | Found a snail-covered altar of Cheibriados.
 11918 | Lair:2   | Reached skill level 13 in Maces & Flails
 12258 | Lair:2   | Reached XP level 13. HP: 80/80 MP: 13/13
 12397 | Lair:2   | Found a staircase to the Snake Pit.
 12722 | Lair:2   | Slain by a death yak

Illustrated notes

Levels and vault maps discovered:
D:1:      dpeg_arrival_long_road, layout_basic
D:2:      layout_rooms, overflow_temple_1_default, old_standard_altar,
          fedhas_altar_4
D:3:      layout_basic, nicolae_qazlal_general_emergency
D:4:      layout_basic, grunt_temple_overflow_order_and_chaos_1,
          lemuel_round_altar, nicolae_overflow_hidden_temple, serial_bayou,
          serial_bayou_pond_c, serial_bayou_pond_b, serial_bayou_pond_e,
          serial_bayou_pond_e, grunt_ministairs_14, minmay_misc_feat_diagonals,
          minivault_25
D:5:      lemuel_ratsnest, layout_rooms, kennysheep_mini_moat, first_ration,
          fountainhead, minmay_manual_moon
D:6:      layout_basic, minmay_temple_entry_ruins, corexii_checkpoint_b,
          dk_xom_monty_hall, uniq_maggie
D:7:      layout_rooms, kennysheep_mini, lemuel_round_altar,
          lemuel_coloured_pillars_altar, minmay_joined_circles, uniq_duvessa,
          uniq_harold
D:8:      kb_forest_paths, layout_loops_ring, uniq_joseph
D:9:      layout_rooms, eat_drink_and_be_merry_uskayaw, minmay_lair_entry_grove,
          serial_shops, nicolae_shop_crystal, nicolae_shop_crystal,
          ploomutoo_gammafunk_ghost_potion_laboratory
Temple:   corrupted_temple
Lair:1:   lemuel_slime, layout_regular_city, minmay_lair_oklob_chamber,
          grunt_megastairs_4
Lair:2:   layout_gridlike, guppyfry_snake_entry_island, kennysheep_snail_temple
Lair:3:   layout_long_grid, minmay_shoals_entry_beasts

Skill      XL: |  1  2  3  4  5  6  7  8  9 10 11 12 13 |
---------------+----------------------------------------+-----
Shields        | 4 5 6 8 9 10 11 12 | 12.0
Armour         | 4 5 6 |  6.1
Maces & Flails | 3 4 5 7 9 10 12 13 | 13.3
Fighting       | 4 5 6 8 9 |  9.5
Dodging        | 1 3 4 5 7 |  7.3
Stealth        | 1 2 |  2.1
Evocations     | 1 |  1.0

Action                   |  1- 3 |  4- 6 |  7- 9 | 10-12 | 13-15 || total
-------------------------+-------+-------+-------+-------+-------++-------
Melee: Flail             |   169 |   227 |   187 |       |       ||   583
       Mace              |       |       |   396 |  1395 |    42 ||  1833
Evoke: Wand              |       |       |     1 |    11 |       ||    12
       Lightning rod     |       |       |       |     1 |       ||     1
  Use: Scroll            |     3 |     2 |     3 |     8 |       ||    16
       Potion            |       |       |     2 |       |       ||     2
 Stab: Sleeping          |       |       |       |     1 |       ||     1
  Eat: Chunk             |     2 |     6 |     7 |    19 |     1 ||    35
       Ration            |       |       |     1 |     1 |       ||     2
Armor: Scale mail        |    93 |    87 |    70 |       |       ||   250
       Chain mail        |       |       |    70 |       |       ||    70
       Acid dragon scale |       |       |    62 |   393 |     7 ||   462
Dodge: Dodged            |    57 |    57 |   143 |   396 |    17 ||   670
       Repelled          |       |       |     1 |     7 |       ||     8
Block: Kite shield       |    98 |   123 |   274 |   636 |    17 ||  1148
